 Dungeon Crawl Stone Soup version 0.28-a0-1447-ga5a8893891 (webtiles) character file.

Game seed: 15165263164402685504

2943 dolemite99 the Cleaver (level 9, -2/94 HPs)
             Began as a Demonspawn Berserker on Jan 11, 2022.
             Was a Believer of Trog.
             Slain by a two-headed ogre (24 damage)
             ... on level 8 of the Dungeon.
             The game lasted 00:11:41 (10967 turns).

dolemite99 the Cleaver (Demonspawn Berserker)      Turns: 10967, Time: 00:11:41

Health: -2/94      AC: 13    Str: 21    XL:     9   Next: 51%
Magic:  9/9        EV:  6    Int:  9    God:    Trog [**....]
Gold:   433        SH:  4    Dex: 13    Spells: 8/8 levels left

rFire   . . .      SeeInvis .   a - +4 war axe (freeze)
rCold   . . .      Faith    .   (no shield)
rNeg    . . .      Spirit   .   y - +1 plate armour
rPois   .          Reflect  .   (no helmet)
rElec   .          Harm     .   (no cloak)
rCorr   .          Rampage  .   (no gloves)
Will    .....                   (no boots)
Stlth   ..........              A - amulet of magic regeneration
HPRegen 0.25/turn               m - ring of flight
MPRegen 0.51/turn               (no ring)

@: berserking, flying, very quick
A: claws 1, icy blue scales 1, demonic guardian 1, condensation shield
a: Renounce Religion, Berserk, Trog's Hand


You were on level 8 of the Dungeon.
You worshipped Trog.
Trog was pleased with you.
You visited 1 branch of the dungeon, and saw 8 of its levels.

You collected 433 gold pieces.

Inventory:

Hand Weapons
 a - a +4 war axe of freezing (weapon)
 C - a +2 morningstar
Missiles
 i - 3 poisoned darts (quivered)
 l - 101 arrows
 n - 61 sling bullets
 t - 44 stones
 x - 2 boomerangs
Armour
 y - a +1 plate armour (worn)
Jewellery
 m - a ring of flight (left claw)
 A - an amulet of magic regeneration (around neck)
Wands
 o - a wand of acid (11)
 s - a wand of paralysis (10)
 z - a wand of flame (13)
Scrolls
 b - a scroll of amnesia
 h - 3 scrolls of fog
 k - a scroll of teleportation
 u - 2 scrolls of magic mapping
Potions
 c - 4 potions of haste
 d - a potion of mutation {unknown}
 e - 4 potions of heal wounds
 f - 3 potions of curing {unknown}
 g - 2 potions of lignification {unknown}
 j - 2 potions of magic
 p - a potion of brilliance {unknown}
 q - a potion of ambrosia {unknown}
 r - a potion of flight {unknown}
 v - a potion of might {unknown}
 B - a potion of resistance {unknown}


   Skills:
 - Level 3.0 Fighting
 + Level 11.0 Axes
 - Level 5.7 Throwing
 - Level 1.7 Armour
 - Level 1.7 Dodging


You had 8 spell levels left.
You didn't know any spells.
Your spell library was empty.

Dungeon Overview and Level Annotations

Branches:
Dungeon (8/15)             Temple (0/1) D:5
   Lair: D:8-11

Altars:
Cheibriados
Kikubaaqudgha
Makhleb
Nemelex Xobeh
Sif Muna

Annotations:
D:4 2 transporters, AverageBear's ghost, novice DsGl


Innate Abilities, Weirdness & Mutations

You have sharp fingernails.
You are partially covered in icy blue scales. (AC +2)
A weak demonic guardian rushes to your aid.
A meltable shield of frost defends you. (SH +4)


Message History

You kill the kobold!
Trog accepts your kill.
The kobold throws a poisoned dart.
The poisoned dart barely misses you.
You closely miss the kobold. The kobold hits you with a +0 club.
You block the kobold's attack.
You hit the kobold. You freeze the kobold.
You kill the kobold!
Trog accepts your kill.
A two-headed ogre comes into view.
It is wielding a +0 giant club and a +0 giant spiked club.
The kobold throws a poisoned dart.
The poisoned dart barely misses you.
The two-headed ogre shouts in stereo!
You hit the kobold. You freeze the kobold.
The kobold is severely wounded.
You feel the effects of Trog's Hand fading.
The kobold hits you but does no damage. x2
You barely miss the kobold.
The kobold is severely wounded.
You feel yourself speed up.
A red film seems to cover your vision as you go berserk!
You feel yourself moving faster!
You feel mighty!
You slash the two-headed ogre! You freeze the two-headed ogre.
You claw the two-headed ogre.
The two-headed ogre is moderately wounded.
The two-headed ogre hits you with a +0 giant club.
The two-headed ogre hits you with a +0 giant spiked club!
You slash the two-headed ogre! You freeze the two-headed ogre.
The two-headed ogre is heavily wounded.
You hit the two-headed ogre. You freeze the two-headed ogre.
The two-headed ogre is severely wounded.
The two-headed ogre barely misses you.
The two-headed ogre hits you with a +0 giant spiked club!!
* * * LOW HITPOINT WARNING * * *
A demonic guardian appears!
You hit the two-headed ogre. You freeze the two-headed ogre.
The two-headed ogre is severely wounded.
You slash the two-headed ogre! You freeze the two-headed ogre.
The two-headed ogre is almost dead.
Your skin stops crawling.
You feel less strong-willed.
The two-headed ogre hits you with a +0 giant club!!
You die...

# #.# ## ##.#.#
... ....#
....#.#.# #
.....K..###.#
.......K...)###
#KK......
#O####.## #@#
#.# #5# #.# #.#
..# ###


You could see a two-headed ogre (ally target), 3 kobolds and a friendly iron imp
(summoned).

Vanquished Creatures
  A troll (D:7)
  A hornet (D:7)
  Sigmund (D:6)
  2 water moccasins
  2 sky beasts
  3 ice beasts
  A necrophage (D:4)
  2 ogres (D:5)
  2 kobold brigands
  A bullfrog (D:7)
  4 scorpions
  A water moccasin skeleton (D:6)
  5 wights
  2 centaur zombies (D:6)
  5 hounds
  3 orc priests
  2 bullfrog skeletons (D:7)
  2 jellies (D:6)
  4 iguanas
  Terence (D:2)
  A hound skeleton (D:5)
  6 adders
  2 howler monkey skeletons
  A shadow imp (D:6)
  3 worms
  4 dart slugs
  9 orcs
  7 ball pythons
  15 endoplasms
  8 goblins
  6 hobgoblins
  2 quokkas
  8 bats
  6 frilled lizards
  16 kobolds
  6 rats
145 creatures vanquished.

Vanquished Creatures (collateral kills)
  A centaur skeleton (D:4)
1 creature vanquished.

Vanquished Creatures (others)
  6 plants (D:4)
6 creatures vanquished.

Grand Total: 152 creatures vanquished

Notes
Turn   | Place    | Note
-------+----------+-------------------------------------------
     0 | D:1      | dolemite99 the Demonspawn Berserker began the quest for the
                  | Orb.
     0 | D:1      | Reached XP level 1. HP: 18/18 MP: 1/1
    42 | D:1      | Reached skill level 3 in Axes
   279 | D:1      | Gained mutation: A meltable shield of frost defends you.
                  | (SH +4) [demonic ancestry]
   279 | D:1      | Reached XP level 2. HP: 24/24 MP: 2/2
   907 | D:1      | Found a faded altar of an unknown god.
   935 | D:2      | Gained mutation: You are partially covered in icy blue
                  | scales. (AC +2) [demonic ancestry]
   935 | D:2      | Reached XP level 3. HP: 29/29 MP: 3/3
   982 | D:2      | Noticed Terence
   991 | D:2      | Killed Terence
   992 | D:2      | Reached skill level 4 in Axes
  1464 | D:2      | Reached XP level 4. HP: 35/35 MP: 4/4
  1645 | D:2      | Reached ** piety under Trog
  2354 | D:3      | Reached skill level 5 in Axes
  2446 | D:3      | Gained mutation: A weak demonic guardian rushes to your
                  | aid. [demonic ancestry]
  2446 | D:3      | Reached XP level 5. HP: 20/41 MP: 5/5
  2908 | D:3      | Noticed a black bear
  2908 | D:3      | Noticed a sky beast
  3426 | D:4      | Reached skill level 6 in Axes
  3573 | D:4      | Found a transporter.
  3579 | D:4      | Identified the +7 halberd of Obevoppa {venom, rElec rPois}
  3633 | D:4      | Reached XP level 6. HP: 23/47 MP: 6/6
  4165 | D:4      | Found a transporter.
  4174 | D:4      | Noticed AverageBear's ghost (novice DsGl)
  4347 | D:4      | Found a burning altar of Makhleb.
  4461 | D:4      | Found a shimmering blue altar of Sif Muna.
  4477 | D:4      | Found a sparkling altar of Nemelex Xobeh.
  4515 | D:5      | Entered Level 5 of the Dungeon
  4531 | D:5      | Reached skill level 7 in Axes
  4533 | D:5      | Reached *** piety under Trog
  5024 | D:5      | Reached XP level 7. HP: 25/52 MP: 7/7
  5636 | D:5      | Reached skill level 8 in Axes
  6148 | D:5      | Found a staircase to the Ecumenical Temple.
  6260 | D:5      | Reached skill level 9 in Axes
  6260 | D:5      | Reached XP level 8. HP: 58/58 MP: 8/8
  7048 | D:6      | Found an ancient bone altar of Kikubaaqudgha.
  7085 | D:6      | Reached skill level 1 in Throwing
  7287 | D:6      | Found a snail-covered altar of Cheibriados.
  7546 | D:6      | Noticed Sigmund
  7557 | D:6      | Killed Sigmund
  8262 | D:6      | Reached skill level 5 in Throwing
  8732 | D:7      | Noticed a hornet
  8740 | D:7      | Killed a hornet
  8741 | D:7      | Gained mutation: You have sharp fingernails. [demonic
                  | ancestry]
  8741 | D:7      | Reached XP level 9. HP: 63/63 MP: 9/9
  9832 | D:7      | Reached skill level 10 in Axes
 10403 | D:7      | Noticed a troll
 10417 | D:7      | Killed a troll
 10953 | D:8      | Reached skill level 11 in Axes
 10959 | D:8      | Noticed a two-headed ogre
 10967 | D:8      | Slain by a two-headed ogre

Illustrated notes

Levels and vault maps discovered:
D:1:      lemuel_arrival_funnel, layout_basic,
          dreamdust_ecumenical_altar_hidden_monk_grotto,
          minmay_misc_feat_more_columns
D:2:      layout_rooms, st_stairs_4, minmay_tetromino_l4, uniq_terence
D:3:      layout_basic, lightli_corner_chamber
D:4:      layout_loops_ring, makhleb_heckhound_becter,
          mainiacjoe_overflow_big_doors, gammafunk_ghost_gnarly_gnolls,
          minmay_unequal
D:5:      layout_cave_pods, minmay_temple_entry_arrows
D:6:      nicolae_cairo_tiling_large, layout_cave_pods, lemuel_tele_altar,
          mainiacjoe_overflow_catwalk, uniq_sigmund
D:7:      layout_basic
D:8:      layout_loops_ring

Skill      XL: |  1  2  3  4  5  6  7  8  9 |
---------------+----------------------------+-----
Axes           | 3 4 5 6 7 9 11 | 11.0
Throwing       | 5 |  5.7
Fighting       | |  3.0
Armour         | |  1.7
Dodging        | |  1.7

Action                   |  1- 3 |  4- 6 |  7- 9 || total
-------------------------+-------+-------+-------++-------
Melee: Hand axe          |    79 |   205 |   187 ||   471
       Punch             |     1 |     3 |     2 ||     6
       War axe           |       |       |    45 ||    45
Throw: Dart              |       |       |    35 ||    35
       Boomerang         |       |       |     4 ||     4
       Stone             |       |       |     3 ||     3
Invok: Berserk           |     2 |     4 |    19 ||    25
       Trog's Hand       |       |       |     3 ||     3
  Use: Scroll            |       |       |    12 ||    12
 Stab: Sleeping          |     1 |       |       ||     1
Armor: Animal skin       |    11 |       |       ||    11
       Scale mail        |       |    84 |       ||    84
       Chain mail        |       |     4 |    13 ||    17
       Plate armour      |       |       |   111 ||   111
Dodge: Dodged            |    39 |    96 |    58 ||   193
Block: Other             |    16 |    32 |    33 ||    81

Table legend: (Time is in decaauts)
 A = Elapsed time spent in this place.
 B = Non-inter-level travel time spent in this place.
 C = Inter-level travel time spent in this place.
 D = Time resting spent in this place.
 E = Time spent auto-exploring this place.
 F = Levels seen in this place.
 G = Mean time per level.
                   A        B        C        D        E       F      G
               +--------+--------+--------+--------+--------+-----+--------+
         Total |  11182 |  10967 |    215 |   5073 |   4371 |   8 | 1397.8 |
       Dungeon |  11182 |  10967 |    215 |   5073 |   4371 |   8 | 1397.8 |
               +--------+--------+--------+--------+--------+-----+--------+

Top non-repeatable levels by time:
     D:6: 2516 daAuts
     D:5: 2047 daAuts
     D:7: 1587 daAuts
     D:4: 1544 daAuts
     D:1: 1426 daAuts
     D:3: 1095 daAuts
     D:2: 936 daAuts
     D:8: 29 daAuts
